Map: Thunderbird LE

Players

omegabanana

  • Race: Protoss Protoss
  • League: Gold
  • Spawn Location: 5:00

Yoda - Winner!

  • Race: Terran Terran
  • League: Grandmaster
  • Spawn Location: 11:00

VOD

Have the link to the VOD?

Description

Time

  • Played on: June 12, 2019, 2:05 a.m.
  • Length: 12:58
Show
View Real Time Build Order
Export as new Build Order

omegabanana Protoss 

Build Orders: 1 Gate Expand, Double Forge, Blink Stalkers 

Get SALT Encoding   

  12  0:00  Probe  
  13  0:13  Probe  
  14  0:19  Pylon  
  14  0:25  Probe  
  15  0:33  Probe  
  15  0:38  Gateway  
  15  0:41  Probe  
  16  0:47  Assimilator  
  17  0:51  Probe  
  18  1:04  Probe  
  19  1:16  Probe  
  20  1:24  Nexus  
  20  1:35  Cybernetics Core  
  20  1:38  Probe  
  21  1:42  Assimilator  
  21  1:50  Probe  
  21  1:53  Pylon  
  22  2:02  Probe  
  22  2:03  Adept  
  23  2:13  Warp Gate  
  23  2:14  Probe  
  26  2:22  Twilight Council  
  26  2:26  Probe  
  26  2:29  Blink  
  27  2:33  Stalker  
  29  2:38  Probe x2  
  31  2:50  Probe x2  
  33  3:02  Probe  
  33  3:03  Probe  
  35  3:14  Stalker, Probe  
  35  3:15  Gateway  
  35  3:17  Probe  
  35  3:18  Gateway  
  37  3:26  Probe  
  40  3:30  Probe  
  41  3:37  Pylon  
  41  3:39  Robotics Facility  
  41  3:41  Shield Battery  
  41  3:42  Probe  
  41  3:43  Probe  
  43  3:54  Probe  
  43  3:55  Probe  
  45  3:58  Pylon  
  45  4:01  Stalker  
  45  4:02  Assimilator  
  47  4:04  Assimilator  
  47  4:06  Probe  
  47  4:07  Probe  
  49  4:25  Probe x2  
  49  4:30  Shield Battery  
  51  4:32  Stalker x3  
  51  4:33  Charge  
  51  4:34  Observer  
  51  4:37  Probe, Pylon  
  59  4:39  Probe  
  60  4:50  Forge  
  60  4:52  Forge  
  60  4:57  Observer  
  59  5:11  Sentry  
  59  5:12  Sentry  
  59  5:13  Stalker  
  65  5:17  Nexus  
  65  5:19  Pylon  
  65  5:20  Gateway  
  65  5:22  Gateway  
  65  5:31  Probe x2  
  65  5:32  Gateway  
  67  5:43  Immortal  
  67  5:45  Protoss Ground Armor Level 1, Protoss Ground Weapons Level 1  
  67  5:46  Probe x2  
  73  5:56  Stalker x2  
  77  5:58  Probe  
  78  6:04  Pylon  
  78  6:09  Pylon  
  78  6:12  Warp Prism  
  78  6:21  Probe  
  78  6:22  Probe  
  82  6:26  Probe  
  82  6:29  Probe  
  82  6:31  Gateway  
  82  6:32  Gateway  
  83  6:34  Probe x2  
  83  6:39  Probe  
  86  6:44  Probe  
  86  6:46  Probe  
  89  6:48  Nexus  
  89  6:50  Pylon  
  89  6:51  Probe  
  90  6:57  Probe  
  90  6:59  Assimilator  
  90  7:00  Assimilator  
  90  7:01  Probe  
  92  7:02  Pylon  
  92  7:05  Probe  
  93  7:11  Probe  
  93  7:14  Probe  
  95  7:19  Immortal  
  99  7:23  Probe x2  
  101  7:32  Photon Cannon, Gateway, Robotics Facility  
  101  7:34  Gateway  
  101  7:38  Templar Archives  
  101  7:41  Pylon  
  101  7:50  Protoss Ground Weapons Level 2  
  101  7:51  Dark Shrine  
  101  7:52  Protoss Ground Armor Level 2  
  101  7:55  Probe  
  101  7:56  Probe x2  
  101  7:57  Stargate  
  101  7:58  Pylon  
  104  8:03  Zealot x2  
  108  8:07  Probe  
  108  8:08  Probe  
  108  8:12  Zealot x2  
  112  8:13  Zealot x2  
  118  8:20  Immortal  
  118  8:22  Immortal  
  126  8:29  High Templar x2  
  126  8:30  High Templar x4  
  138  8:50  Assimilator  
  138  8:51  Assimilator  
  138  8:52  Photon Cannon  
  138  8:55  Pylon, Photon Cannon x2  
  138  8:58  Pylon  
  138  9:00  Immortal  
  138  9:01  Immortal  
  146  9:25  Photon Cannon x2  
  146  9:27  Photon Cannon  
  146  9:32  Pylon  
  146  9:39  Immortal  
  146  9:40  Stalker x2, Immortal  
  146  9:41  Stalker  
  146  9:54  Probe  
  146  9:55  Probe x3  
  150  10:06  Probe  
  150  10:07  Probe x2  
  147  10:08  Probe  
  148  10:18  Immortal, Probe  
  148  10:20  Immortal  
  157  10:26  Fleet Beacon  
  157  10:27  Stargate  
  156  10:33  Protoss Shields Level 1  
  156  10:37  High Templar x2  
  156  10:38  High Templar x4  
  156  10:39  Zealot x2  
  172  10:43  Archon x2  
  172  10:45  Zealot, Archon  
  172  10:46  Zealot  
  173  11:09  Zealot  
  173  11:10  Probe x2  
  174  11:13  Zealot x4  
  174  11:18  Pylon  
  179  11:19  Pylon  
  179  11:20  Pylon  
  179  11:21  Pylon  
  175  11:28  Zealot x2  
  175  11:32  Archon  
  179  11:42  Zealot x7  
  179  11:43  Zealot  
  195  11:48  Archon  
  121  12:02  Immortal x2  
  97  12:15  High Templar x9  
  103  12:17  High Templar  
  103  12:19  Archon  
  103  12:20  Archon x3  
  103  12:21  Archon  
Show
View Real Time Build Order
Export as new Build Order

Yoda Terran - Winner!

Build Orders: Reaper Expand, Mech 

Get SALT Encoding   

  12  0:00  SCV  
  13  0:12  SCV  
  14  0:17  Supply Depot  
  14  0:24  SCV  
  15  0:38  SCV  
  16  0:43  Barracks  
  16  0:47  Refinery  
  16  0:52  SCV  
  17  1:04  SCV  
  18  1:16  SCV  
  19  1:31  Orbital Command, Reaper  
  20  1:44  Command Center  
  20  1:51  Supply Depot  
  20  1:58  SCV  
  21  2:03  Marine  
  22  2:10  SCV  
  22  2:15  Factory  
  23  2:19  Refinery  
  23  2:24  SCV  
  23  2:25  Barracks Reactor  
  24  2:36  SCV  
  25  2:48  SCV  
  26  2:56  Orbital Command  
  26  3:00  Starport, SCV  
  27  3:08  Hellion x2  
  27  3:09  Barracks Tech Lab  
  31  3:12  SCV  
  31  3:17  Supply Depot  
  32  3:26  SCV x2  
  34  3:29  Hellion x2  
  38  3:38  SCV  
  38  3:41  SCV  
  42  3:42  Viking  
  42  3:50  SCV  
  42  3:51  Supply Depot  
  42  3:53  SCV  
  43  4:00  Marine, Siege Tank  
  43  4:01  Marine  
  43  4:02  SCV  
  49  4:05  Refinery, SCV  
  49  4:09  Supply Depot  
  50  4:13  Starport Tech Lab  
  50  4:14  SCV  
  51  4:17  SCV  
  52  4:26  SCV  
  52  4:27  Supply Depot  
  52  4:28  Marine x2  
  52  4:29  SCV  
  56  4:36  Siege Tank  
  56  4:37  Raven  
  61  4:38  SCV  
  61  4:41  SCV  
  63  4:46  Supply Depot  
  63  4:50  SCV  
  64  4:53  Command Center, SCV  
  64  4:56  Refinery  
  64  4:59  Marine  
  66  5:00  Marine  
  66  5:02  SCV  
  66  5:05  SCV  
  69  5:08  Siege Tank  
  72  5:15  Supply Depot, SCV  
  72  5:17  Marine, SCV  
  72  5:18  Marine  
  76  5:27  Factory, SCV  
  76  5:28  Factory  
  77  5:35  SCV  
  78  5:39  Marine x2  
  78  5:41  Siege Tank  
  78  5:42  SCV  
  84  5:45  Starport Reactor  
  84  5:54  Armory  
  84  5:55  Armory, SCV  
  85  5:57  SCV  
  88  6:07  SCV, Orbital Command, Engineering Bay  
  88  6:09  SCV  
  88  6:11  Siege Tank  
  91  6:19  SCV  
  91  6:21  SCV  
  91  6:23  Supply Depot  
  91  6:24  Supply Depot  
  91  6:25  Refinery  
  93  6:26  Supply Depot, Refinery  
  93  6:27  Siege Tank  
  93  6:28  Hellion  
  93  6:31  SCV  
  101  6:32  Hellion  
  101  6:36  SCV  
  101  6:37  SCV  
  99  6:43  SCV  
  99  6:45  Terran Vehicle Weapons Level 1, Terran Vehicle And Ship Armor Level 1  
  96  6:50  Missile Turret  
  96  6:51  Missile Turret  
  96  6:53  Siege Tank  
  99  6:54  Missile Turret, SCV  
  99  6:56  Missile Turret  
  99  6:58  SCV  
  99  6:59  SCV  
  102  7:06  SCV  
  102  7:07  Supply Depot  
  102  7:08  Factory  
  102  7:10  Factory, SCV  
  102  7:12  Supply Depot, SCV  
  104  7:18  SCV  
  104  7:22  Sensor Tower, Siege Tank  
  108  7:23  Hellion x2  
  108  7:27  SCV x2  
  108  7:29  Supply Depot  
  114  7:33  Drilling Claws, Infernal Pre-Igniter  
  116  7:43  Medivac  
  116  7:44  Medivac  
  118  7:50  Widow Mine x2  
  122  7:59  Factory Reactor, Command Center, Factory Tech Lab  
  122  8:04  Supply Depot, Siege Tank x2  
  122  8:05  Supply Depot  
  128  8:06  Supply Depot  
  128  8:13  SCV x3  
  128  8:15  Medivac  
  128  8:16  Medivac  
  135  8:21  Smart Servos  
  135  8:38  Widow Mine x2  
  135  8:39  Siege Tank, Widow Mine x2  
  135  8:40  Command Center  
  146  9:00  Terran Vehicle Weapons Level 2  
  146  9:01  Terran Vehicle And Ship Armor Level 2  
  146  9:05  Hellion x4, Siege Tank  
  146  9:06  Command Center  
  157  9:24  Factory  
  157  9:25  Factory  
  157  9:28  Command Center  
  157  9:30  Factory, Command Center  
  157  9:43  Hellion x2, Siege Tank  
  157  9:44  Hellion x2  
  171  9:50  Planetary Fortress  
  165  9:55  Planetary Fortress  
  165  9:59  Hellion, Siege Tank  
  163  10:05  Hellion x3  
  167  10:10  SCV x2  
  165  10:20  Refinery  
  165  10:21  Factory Tech Lab x3  
  165  10:24  Sensor Tower, Refinery  
  163  10:30  Thor  
  169  10:59  Hellion x3  
  169  11:00  Hellion x2  
  179  11:11  Command Center  
  177  11:12  Neosteel Armor  
  177  11:13  Command Center  
  175  11:27  Siege Tank x2  
  175  11:28  Hellion x3, Siege Tank  
  190  11:36  Hellion, Siege Tank  
  190  11:38  Planetary Fortress  
  190  11:39  Refinery x2  
  195  11:49  Hellion, Missile Turret, Siege Tank  
  175  11:59  Siege Tank  
  175  12:00  Hellion x2, Siege Tank  
  146  12:06  Siege Tank  
  146  12:07  Hellion  
  134  12:10  Siege Tank  
  135  12:21  Hellion x2, Siege Tank x2  
  145  12:27  Orbital Command  
  145  12:28  Orbital Command  
  145  12:34  Hellion  
  147  12:37  Sensor Tower  
  154  12:45  SCV x3  
  154  12:46  SCV  
Tags
 
Add a new tag
Caveats
  • Supply blocks, unpowered buildings, or Contaminate may cause inaccurate times.
  • Supply counts are checked every 10 seconds.